 Dungeon Crawl Stone Soup version 0.22-a0-605-g9281fa2 (webtiles) character file.

2473 Amnesiac the Nimble (level 9, 0/44 HPs)
             Began as a Spriggan Transmuter on July 8, 2018.
             Was a Believer of Okawaru.
             Slain by a bullfrog zombie (6 damage)
             ... on level 7 of the Dungeon.
             The game lasted 00:16:40 (8139 turns).

Amnesiac the Nimble (Spriggan Transmuter)           Turns: 8139, Time: 00:16:41

Health: 0/44       AC:  4    Str:  8    XL:     9   Next: 26%
Magic:  18/19      EV: 25    Int: 19    God:    Okawaru [**....]
Gold:   126        SH:  0    Dex: 17    Spells: 9/20 levels left

rFire    . . .     SeeInvis +     - Unarmed
rCold    . . .     Gourm    .   (shield restricted)
rNeg     . . .     Faith    .   b - +0 robe
rPois    .         Spirit   .   (helmet restricted)
rElec    .         Reflect  .   (no cloak)
rCorr    .         Harm     .   (gloves unavailable)
MR       +....                  (boots unavailable)
Stlth    ++........             o - amulet of the acrobat
HPRegen  0.14/turn              s - +2 ring of intelligence
MPRegen  0.16/turn              k - ring of wizardry

@: very quick
A: very small, unfitting armour, iridescent scales 1, see invisible,
deterioration 1, herbivore, speed 3, slow metabolism 2, strong 1
a: Heroism, Renounce Religion


You were on level 7 of the Dungeon.
You worshipped Okawaru.
Okawaru was pleased with you.
You were full.

You visited 2 branches of the dungeon, and saw 9 of its levels.

You collected 280 gold pieces.
You spent 154 gold pieces at shops.

Inventory:

Missiles
 a - 69 arrows (quivered)
Armour
 b - a +0 robe (worn)
Jewellery
 k - a ring of wizardry (right hand)
 o - an amulet of the acrobat (around neck)
 s - a +2 ring of intelligence (left hand)
Wands
 n - a wand of paralysis (15)
 t - a wand of polymorph (3)
Scrolls
 c - 2 scrolls of fog {!r}
 e - a scroll of noise {!r, unknown}
 g - 3 scrolls of magic mapping {!r}
 h - 5 scrolls of teleportation {!r}
 i - 5 scrolls of identify {!r}
 j - a scroll of amnesia {!r}
 m - 5 scrolls of remove curse {!r}
 p - 3 scrolls of fear {!r}
 q - a scroll of enchant armour {!r}
 v - a scroll of blinking {!r}
 w - a scroll of random uselessness {!r, unknown}
Potions
 f - 2 potions of curing {!q}
 l - a potion of agility {!q}
 r - a potion of flight {!q}
Comestibles
 d - 5 rations


   Skills:
 - Level 3.6 Fighting
 - Level 9.5 Dodging
 - Level 3.2 Unarmed Combat
 - Level 6.0 Spellcasting
 - Level 3.0 Transmutations
 * Level 6.6 Invocations
 + Level 6.1 Evocations


You had 9 spell levels left.
You knew the following spells:

 Your Spells              Type           Power        Failure   Level  Hunger
a - Beastly Appendage     Tmut           ###...       1%          1    None
b - Sticks to Snakes      Tmut           ###.....     1%          2    None
c - Blade Hands           Tmut           ###.......   32%         5    #####..
e - Spider Form           Tmut/Pois      ##........   8%          3    ##.....

Your spell library contained the following spells:

 Spells                   Type           Power        Failure   Level  Hunger
 Teleport Other           Tloc           #.......     13%         3    ##.....
 Blink                    Tloc           N/A          7%          2    None
 Ice Form                 Ice/Tmut       ##......     24%         4    ####...
 Passage of Golubria      Tloc           N/A          38%         4    ####...
 Shroud of Golubria       Chrm/Tloc      #.........   7%          2    None
 Gell's Gravitas          Tloc           #.........   13%         3    ##.....
 Lesser Beckoning         Tloc           #.........   13%         3    ##.....


Dungeon Overview and Level Annotations

Branches:
Dungeon (8/15)             Temple (1/1) D:5
   Lair: D:8-11

Altars:
Ashenzari
Cheibriados
Dithmenos
Elyvilon
Fedhas
Gozag
Hepliaklqana
Makhleb
Nemelex Xobeh
Okawaru
Qazlal
Ru
Sif Muna
Trog
Vehumet
Xom
Yredelemnul
Zin
The Shining One

Shops:
D:5 %?(=

Annotations:
D:6 1 runed door, Amnesiac's ghost, novice DEWz


Innate Abilities, Weirdness & Mutations

You are very small and have problems with some larger weapons.
You are too small for most types of armour.
You have supernaturally acute eyesight. (SInv)
You are a herbivore.
You cover ground extremely quickly.
You need to consume almost no food.
You are partially covered in iridescent scales. (AC +2)
Your body sometimes deteriorates upon taking damage.
Your muscles are strong. (Str +2)


Message History

Casting: Spider Form (safe; 8% risk of failure)
Confirm with . or Enter, or press ? or * to list all spells.
You turn into a venomous arachnid creature.
The big kobold shouts!
A bullfrog zombie comes into view.
You hit the big kobold.
The big kobold is poisoned.
The big kobold is lightly wounded.
The big kobold completely misses you.
You hit the big kobold but do no damage.
The big kobold is lightly wounded.
The bullfrog zombie hits you but does no damage.
The bullfrog zombie completely misses you.
The big kobold completely misses you.
You hit the big kobold but do no damage.
The big kobold is lightly wounded.
The bullfrog zombie completely misses you.
The big kobold hits you with a dagger.
* * * LOW HITPOINT WARNING * * *
You closely miss the big kobold.
The big kobold is lightly wounded.
The bullfrog zombie misses you. The big kobold closely misses you.
You hit the big kobold.
The big kobold looks as sick as possible!
The big kobold is moderately wounded.
The bullfrog zombie completely misses you.
The big kobold hits you with a dagger.
* * * LOW HITPOINT WARNING * * *
You hit the big kobold.
The big kobold looks as sick as possible!
The big kobold is moderately wounded.
The bullfrog zombie completely misses you. x2
You hit the big kobold.
The big kobold looks as sick as possible!
The big kobold is severely wounded.
The big kobold completely misses you.
The bullfrog zombie completely misses you.
You hit the big kobold but do no damage.
The big kobold looks as sick as possible!
The big kobold is severely wounded.
The big kobold completely misses you.
The bullfrog zombie completely misses you.
You hit the big kobold but do no damage.
The big kobold looks as sick as possible!
The big kobold is severely wounded.
The big kobold barely misses you.
The bullfrog zombie completely misses you.
You hit the big kobold.
The big kobold looks as sick as possible!
The big kobold is almost dead.
The bullfrog zombie completely misses you.
The big kobold hits you with a dagger.
* * * LOW HITPOINT WARNING * * *
You hit the big kobold.
The big kobold is almost dead.
Your transformation is almost over.
The bullfrog zombie hits you.
* * * LOW HITPOINT WARNING * * *
The big kobold misses you. The bullfrog zombie misses you.
You kill the big kobold!
Okawaru accepts your kill.
The bullfrog zombie completely misses you.
Your transformation has ended.
The bullfrog zombie hits you.
You die...

#. #.# #.......#
###.. #.#
###..##.# ...
#.## #.##.. #..
#..# ......
#####.####......
#...............
#.<.............
#...............
#....@Z.).......
##########......
######


You could see a bullfrog zombie.

Vanquished Creatures
  Grinder (D:3)
  Menkaure (D:5)
  A porcupine (D:7)
  A sky beast (D:5)
  2 ice beasts (D:6)
  A phantom (D:4)
  2 centaurs (D:6)
  An ogre (D:6)
  2 big kobolds
  4 bullfrogs (D:6)
  3 scorpions (D:6)
  A wyvern skeleton (D:6)
  2 howler monkeys
  A centaur zombie (D:5)
  2 crimson imps
  A hound (D:5)
  A quasit (D:4)
  A bullfrog skeleton (D:6)
  A jelly (D:5)
  3 orc priests
  2 orc wizards
  4 worker ants
  A worker ant zombie (D:6)
  4 gnolls (D:6)
  6 adders
  A shadow imp (D:5)
  An adder zombie (D:6)
  A worm (D:4)
  2 dart slugs
  5 leopard geckos
  3 orcs
  4 bats
  A bat skeleton (D:2)
  4 giant cockroaches
  10 goblins
  17 hobgoblins
  4 jackals (D:6)
  4 quokkas
  A ball python (D:3)
  9 frilled lizards
  2 giant cockroach zombies
  9 kobolds
  A leopard gecko zombie (D:7)
  A quokka skeleton (D:2)
  A quokka zombie (D:7)
  8 rats
138 creatures vanquished.

Vanquished Creatures (collateral kills)
  A water moccasin (D:5)
  Blork the orc (D:5)
  A hound (D:4)
  2 orc wizards (D:4)
  Ijyb (D:5)
  A worker ant (D:5)
  Robin (D:1)
  An adder zombie (D:5)
  A worm (D:3)
  3 orcs (D:4)
  A giant cockroach (D:5)
  2 goblins (D:2)
16 creatures vanquished.

Grand Total: 154 creatures vanquished

Notes
Turn   | Place    | Note
-------+----------+-------------------------------------------
     0 | D:1      | Amnesiac the Spriggan Transmuter began the quest for the Orb.
     0 | D:1      | Reached XP level 1. HP: 9/9 MP: 5/5
   224 | D:1      | Reached XP level 2. HP: 6/14 MP: 4/6
   228 | D:1      | Learned a level 2 spell: Sticks to Snakes
   513 | D:2      | Reached skill level 1 in Fighting
  1380 | D:1      | Reached XP level 3. HP: 18/18 MP: 6/8
  1411 | D:1      | Reached skill level 4 in Dodging
  1731 | D:2      | Reached XP level 4. HP: 18/22 MP: 10/10
  1779 | D:2      | Noticed Robin
  1831 | D:1      | Killed Robin
  2345 | D:2      | Found a white marble altar of Elyvilon.
  2687 | D:2      | Reached skill level 5 in Dodging
  2715 | D:3      | Noticed Grinder
  2752 | D:3      | Killed Grinder
  2752 | D:3      | Reached skill level 6 in Dodging
  2752 | D:3      | Reached XP level 5. HP: 22/26 MP: 0/12
  3383 | D:4      | Reached XP level 6. HP: 29/30 MP: 9/13
  3958 | D:4      | Learned a level 5 spell: Blade Hands
  3979 | D:4      | Reached skill level 7 in Dodging
  4386 | D:5      | Entered Level 5 of the Dungeon
  4407 | D:5      | Noticed Ijyb
  4471 | D:5      | Killed Ijyb
  4541 | D:5      | Found Geiruvug's Food Shoppe.
  4589 | D:5      | Reached XP level 7. HP: 22/35 MP: 15/15
  4614 | D:5      | Reached skill level 5 in Spellcasting
  4646 | D:5      | Noticed Blork the orc
  4661 | D:5      | Killed Blork the orc
  4684 | D:5      | Reached skill level 8 in Dodging
  4704 | D:5      | Noticed Menkaure
  4720 | D:5      | Killed Menkaure
  4909 | D:5      | Found Lueryph Ypos's Magic Scroll Boutique.
  4932 | D:5      | Bought a scroll of blinking for 105 gold pieces
  4932 | D:5      | Bought a scroll of magic mapping for 49 gold pieces
  4963 | D:5      | Found a staircase to the Ecumenical Temple.
  4969 | Temple   | Entered the Ecumenical Temple
  4994 | Temple   | Became a worshipper of Warmaster Okawaru
  5086 | D:5      | Learned a level 3 spell: Spider Form
  5302 | D:5      | Reached skill level 9 in Dodging
  5440 | D:5      | Found Qazej's Jewellery Shoppe.
  5504 | D:5      | Reached XP level 8. HP: 25/40 MP: 12/17
  5948 | D:5      | Found a blossoming altar of Fedhas.
  6133 | D:5      | Found Jaetod's Antique Weapon Shoppe.
  6195 | D:6      | Reached * piety under Okawaru
  6195 | D:6      | Reached skill level 1 in Invocations
  6231 | D:6      | Reached skill level 1 in Evocations
  6752 | D:6      | Reached ** piety under Okawaru
  6788 | D:6      | Reached skill level 5 in Invocations
  7091 | D:6      | Found a runed door.
  7091 | D:6      | Noticed Amnesiac's ghost (novice DEWz)
  7214 | D:6      | Reached skill level 5 in Evocations
  7362 | D:6      | Reached XP level 9. HP: 42/44 MP: 17/19
  7439 | D:6      | Found a runed door.
  7837 | D:7      | Noticed a gargoyle
  8079 | D:8      | Found a burning altar of Makhleb.
  8102 | D:7      | Found a snail-covered altar of Cheibriados.
  8113 | D:7      | Gained mutation: You are partially covered in iridescent scales. (AC +2) [potion of mutation]
  8113 | D:7      | Gained mutation: Your body sometimes deteriorates upon taking damage. [potion of mutation]
  8113 | D:7      | Gained mutation: Your muscles are strong. (Str +2) [potion of mutation]
  8139 | D:7      | Slain by a bullfrog zombie

Vault maps used:
D:1:      minmay_arrival_checkered_box, serial_glass, glass_columns_a,
          glass_columns_b, serial_park_tiny_pond, corexii_leaking_fountain,
          hex_large, kennysheep_minor_cross
D:2:      lemuel_doored_altar, first_ration, serial_undead, serial_undead_f,
          serial_undead_d, serial_undead_f, serial_undead_c,
          grunt_decor_one_mirror, solitary_fountain, minmay_pentomino_w4,
          uniq_robin
D:3:      minmay_misc_feat_roman, uniq_grinder
D:5:      temple_green, serial_shops, kennysheep_mini_moat, shop, shop,
          nicolae_shop_statue_plus, fedhas_altar_4, uniq_blork_the_orc,
          uniq_ijyb, uniq_menkaure
D:6:      ebering_ghost_sewer_f, due_unseen_surprise
D:7:      cheibriados_altar_1, minitemple, basic_altar
D:8:      bloody_makhleb, due_lair_maze_entry_diamond, uniq_erica
Temple:   nicolae_temple_no_exploring_needed

Skill      XL: |  1  2  3  4  5  6  7  8  9 |
---------------+----------------------------+-----
Fighting       | 1 2 3 |  3.6
Transmutations | 3 |  3.0
Spellcasting   | 3 4 5 6 |  6.0
Dodging        | 4 6 7 9 |  9.5
Unarmed Combat | 3 |  3.2
Invocations    | 5 6 |  6.6
Evocations     | 5 6 |  6.1

Action                   |  1- 3 |  4- 6 |  7- 9 || total
-------------------------+-------+-------+-------++-------
Melee: Unarmed           |   111 |   297 |   355 ||   763
       Kick              |    11 |    15 |    11 ||    37
       Headbutt          |     7 |    14 |     2 ||    23
       Punch             |       |     4 |       ||     4
 Cast: Beastly Appendage |    20 |    40 |     8 ||    68
       Sticks to Snakes  |     1 |    29 |    11 ||    41
       Spider Form       |       |       |    35 ||    35
 Abil: End Transformatio |       |       |     1 ||     1
Evoke: Wand              |       |     4 |     1 ||     5
  Use: Potion            |       |     1 |     8 ||     9
       Scroll            |       |       |     8 ||     8
 Stab: Sleeping          |     3 |       |     3 ||     6
       Paralysed         |       |     7 |     8 ||    15
       Distracted        |       |     5 |     1 ||     6
  Eat: Ration            |       |     5 |     3 ||     8
Armor: Robe              |     7 |    20 |     2 ||    29
       Skin              |       |     4 |     6 ||    10
Dodge: Dodged            |    94 |   284 |   395 ||   773

Table legend:
 A = Spawn XP
 B = Non-spawn XP
 C = Spawn XP percentage of total XP
 D = Spawn monster count
 E = Non-spawn monster count
 F = Spawn count percentage of total count
 G = Total turns spent on level
                    A         B        C        D         E        F      G
               +---------+---------+-------+---------+---------+-------+---------
         Total |       0 |    3534 |   0.0 |       0 |     154 |   0.0 |  8139
               +---------+---------+-------+---------+---------+-------+---------
           D:1 |       0 |      52 |   0.0 |       0 |      25 |   0.0 |  1574
           D:2 |       0 |     103 |   0.0 |       0 |      28 |   0.0 |  1131
           D:3 |       0 |     213 |   0.0 |       0 |      14 |   0.0 |   621
           D:4 |       0 |     325 |   0.0 |       0 |      17 |   0.0 |  1060
           D:5 |       0 |     800 |   0.0 |       0 |      23 |   0.0 |  1771
           D:6 |       0 |    1721 |   0.0 |       0 |      36 |   0.0 |  1677
           D:7 |       0 |     252 |   0.0 |       0 |       9 |   0.0 |   233
           D:8 |       0 |      68 |   0.0 |       0 |       2 |   0.0 |    39
               +---------+---------+-------+---------+---------+-------+---------
